PCL
HOUSTON HAMMERTIME @ CALGARY COWBOYS
08/10/2030
 
TOP OF THE 1ST
Houston Hammertime batting - Pitching for Calgary Cowboys : RHP José Ramos
Pitching: RHP José Ramos
Batting: RHB Juan Carlos 0-0: Called Strike
0-1: Called Strike
0-2: Ground out 4-3 (Groundball, 4)
Batting: RHB Ron Elazar 0-0: Ball
1-0: Ball
2-0: Called Strike
2-1: Swinging Strike
2-2: SOLO HOME RUN (Flyball, 9LD), Distance : 336 ft
Batting: LHB Francisco Cardenas 0-0: Ball
1-0: Ball
2-0: Ball
3-0: Base on Balls
Batting: LHB Marcos Cantú 0-0: Foul Ball, location: 2F
0-1: Ball
1-1: Ground out U3 (Groundball, 3)
Francisco Cardenas to second
Batting: LHB Dave Gordon 0-0: Called Strike
0-1: Swinging Strike
0-2: Strikes out swinging
Top of the 1st over - 1 run, 1 hit, 0 errors, 1 left on base; Houston 1 - Calgary 0
BOTTOM OF THE 1ST
Calgary Cowboys batting - Pitching for Houston Hammertime : RHP Jun Kawashima
Pitching: RHP Jun Kawashima
Batting: RHB César Rodríguez 0-0: Called Strike
0-1: Fly out, F8 (Flyball, 8RD)
Batting: RHB Jesús Morales 0-0: Ball
1-0: Called Strike
1-1: Ball
2-1: Ball
3-1: Base on Balls
Batting: LHB Edgar López 0-0: Called Strike
0-1: Fly out, F5 (Flyball, 5D)
Batting: SHB Ramiro Medrano 0-0: Called Strike
0-1: Ball
1-1: Ball
2-1: Ball
3-1: Base on Balls
Jesús Morales to second
Batting: LHB Anacleto Morillo 0-0: Foul Ball, location: 2F
0-1: Swinging Strike
0-2: Strikes out swinging
Bottom of the 1st over - 0 runs, 0 hits, 0 errors, 2 left on base; Houston 1 - Calgary 0
TOP OF THE 2ND
Houston Hammertime batting - Pitching for Calgary Cowboys : RHP José Ramos
Batting: RHB Jorge Barbosa 0-0: Called Strike
0-1: Ball
1-1: Ball
2-1: Foul Ball, location: 2F
2-2: Strikes out swinging
Batting: LHB David Adams 0-0: Called Strike
0-1: Fly out, F8 (Flyball, 78M)
Batting: LHB António Camacho 0-0: Called Strike
0-1: Ground out 6-3 (Groundball, 56)
Top of the 2nd over - 0 runs, 0 hits, 0 errors, 0 left on base; Houston 1 - Calgary 0
BOTTOM OF THE 2ND
Calgary Cowboys batting - Pitching for Houston Hammertime : RHP Jun Kawashima
Batting: LHB Bo Rush 0-0: Ball
1-0: Hit by Pitch
Batting: RHB Joe Lewis 0-0: Ball
1-0: Called Strike
1-1: Ball
2-1: Ball
3-1: Called Strike
3-2: Foul Ball, location: 2F
3-2: Foul Ball, location: 2F
3-2: Fly out, F9 (Flyball, 9LSF)
Batting: LHB Miguel Pérez 0-0: Called Strike
0-1: Ball
Wild Pitch!
Bo Rush to second
1-1: Ground out 4-3 (Groundball, 34D)
Bo Rush to third
Batting: RHB Ismael Ortíz 0-0: Foul Ball, location: 2F
0-1: Called Strike
0-2: Ball
1-2: Ball
2-2: Ball
3-2: DOUBLE (Flyball, 89D)
Bo Rush scores
Batting: RHB César Rodríguez 0-0: Ball
1-0: Foul Ball, location: 2F
1-1: DOUBLE (Line Drive, 78D)
Ismael Ortíz scores
Batting: RHB Jesús Morales 0-0: Foul Ball, location: 2F
0-1: Foul Ball, location: 2F
0-2: Foul Ball, location: 2F
0-2: Ball
1-2: SINGLE (Groundball, 4MD)
César Rodríguez to third
Runner from 3rd tries for Home, SAFE, throw made home
Batting: LHB Edgar López 0-0: Ball
1-0: Ball
Jesús Morales steals 2nd base
2-0: Fly out, F9 (Flyball, 89M)
Bottom of the 2nd over - 3 runs, 3 hits, 0 errors, 1 left on base; Houston 1 - Calgary 3
TOP OF THE 3RD
Houston Hammertime batting - Pitching for Calgary Cowboys : RHP José Ramos
Batting: LHB Enrique Valentín 0-0: Ball
1-0: Called Strike
1-1: Foul Ball, location: 2F
1-2: Foul Ball, location: 2F
1-2: Fly out, F9 (Flyball, 9S)
Batting: RHB Juan Carlos 0-0: Ball
1-0: Swinging Strike
1-1: Swinging Strike
1-2: Ball
2-2: SINGLE (Line Drive, 4MD)
Batting: RHB Ron Elazar 0-0: Called Strike
0-1: Called Strike
0-2: Ball
1-2: Grounds into double play, 6-4-3 (Groundball, 6)
Top of the 3rd over - 0 runs, 1 hit, 0 errors, 0 left on base; Houston 1 - Calgary 3
BOTTOM OF THE 3RD
Calgary Cowboys batting - Pitching for Houston Hammertime : RHP Jun Kawashima
Batting: SHB Ramiro Medrano 0-0: Called Strike
0-1: Ball
1-1: SINGLE (Groundball, 56D)
Batting: LHB Anacleto Morillo 0-0: Ball
1-0: Ball
2-0: Called Strike
2-1: Ball
3-1: Swinging Strike
3-2: Base on Balls
Ramiro Medrano to second
Batting: LHB Bo Rush 0-0: Ball
1-0: Foul Ball, location: 2F
1-1: Grounds into double play, 4-6-3 (Groundball, 4)
Ramiro Medrano to third
Batting: RHB Joe Lewis 0-0: Swinging Strike
0-1: Ball
1-1: Called Strike
1-2: Fly out, F9 (Flyball, 9)
Bottom of the 3rd over - 0 runs, 1 hit, 0 errors, 1 left on base; Houston 1 - Calgary 3
TOP OF THE 4TH
Houston Hammertime batting - Pitching for Calgary Cowboys : RHP José Ramos
Batting: LHB Francisco Cardenas 0-0: Foul Ball, location: 2F
0-1: Called Strike
0-2: Ball
1-2: Ball
2-2: Ball
3-2: Base on Balls
Batting: LHB Marcos Cantú 0-0: Swinging Strike
0-1: Called Strike
0-2: SINGLE (Groundball, 4D)
Francisco Cardenas to second
Batting: LHB Dave Gordon 0-0: Called Strike
0-1: Foul Ball, location: 2F
0-2: Foul Ball, location: 2F
0-2: Ball
1-2: Ball
2-2: Fly out, F9 (Flyball, 9D)
Batting: RHB Jorge Barbosa 0-0: Called Strike
0-1: Swinging Strike
0-2: Fly out, F4 (Popup, 13)
Batting: LHB David Adams 0-0: Swinging Strike
0-1: Ball
1-1: Ball
2-1: Swinging Strike
2-2: Ball
3-2: Foul Ball, location: 2F
3-2: Foul Ball, location: 2F
3-2: Base on Balls
Francisco Cardenas to third
Marcos Cantú to second
Batting: LHB António Camacho 0-0: Called Strike
0-1: Ball
1-1: Ball
2-1: Swinging Strike
2-2: Fielders Choice at 2nd, 6-4 (Groundball, 6)
Top of the 4th over - 0 runs, 1 hit, 0 errors, 3 left on base; Houston 1 - Calgary 3
BOTTOM OF THE 4TH
Calgary Cowboys batting - Pitching for Houston Hammertime : RHP Jun Kawashima
Batting: LHB Miguel Pérez 0-0: Ball
1-0: Foul Ball, location: 2F
1-1: Ball
2-1: Fly out, F7 (Flyball, 78S)
Batting: RHB Ismael Ortíz 0-0: Called Strike
0-1: Ball
1-1: Ball
2-1: Foul Ball, location: 2F
2-2: SINGLE (Groundball, 56D)
Batting: RHB César Rodríguez 0-0: Ball
1-0: Called Strike
1-1: Swinging Strike
1-2: Ball
2-2: Ball
3-2: Foul Ball, location: 2F
3-2: Ground out 5-3 (Groundball, 5S)
Ismael Ortíz to second
Batting: RHB Jesús Morales 0-0: Ball
1-0: Ground out 5-3 (Groundball, 56S)
Bottom of the 4th over - 0 runs, 1 hit, 0 errors, 1 left on base; Houston 1 - Calgary 3
TOP OF THE 5TH
Houston Hammertime batting - Pitching for Calgary Cowboys : RHP José Ramos
Batting: LHB Enrique Valentín 0-0: Ball
1-0: Ball
2-0: Called Strike
2-1: Swinging Strike
2-2: Strikes out swinging
Batting: RHB Juan Carlos 0-0: Ball
1-0: SINGLE (Groundball, 56D)
Batting: RHB Ron Elazar 0-0: Ball
Juan Carlos steals 2nd base
1-0: Ball
2-0: Called Strike
2-1: Fly out, F4 (Flyball, 4MD)
Batting: LHB Francisco Cardenas 0-0: Called Strike
0-1: Called Strike
0-2: Strikes out swinging
Top of the 5th over - 0 runs, 1 hit, 0 errors, 1 left on base; Houston 1 - Calgary 3
BOTTOM OF THE 5TH
Calgary Cowboys batting - Pitching for Houston Hammertime : RHP Jun Kawashima
Batting: LHB Edgar López 0-0: Swinging Strike
0-1: Ball
1-1: Ball
2-1: Swinging Strike
2-2: Foul Ball, location: 2F
2-2: Ground out 4-3 (Groundball, 4)
Batting: SHB Ramiro Medrano 0-0: Ball
1-0: Ball
2-0: Swinging Strike
2-1: Ball
3-1: Called Strike
3-2: Base on Balls
Batting: LHB Anacleto Morillo 0-0: Ball
Ramiro Medrano is caught stealing 2nd base
1-0: Foul Ball, location: 2F
1-1: Ball
2-1: Ball
3-1: SINGLE (Groundball, 34S) (infield hit)
Batting: LHB Bo Rush 0-0: Called Strike
0-1: Foul Ball, location: 2F
0-2: Strikes out swinging
Bottom of the 5th over - 0 runs, 1 hit, 0 errors, 1 left on base; Houston 1 - Calgary 3
TOP OF THE 6TH
Houston Hammertime batting - Pitching for Calgary Cowboys : RHP José Ramos
Batting: LHB Marcos Cantú 0-0: Ball
1-0: Ball
2-0: Foul Ball, location: 2F
2-1: Foul Ball, location: 2F
2-2: Ball
3-2: SINGLE (Line Drive, 78M)
Pitching: LHP Alfredo Durán
Batting: LHB Dave Gordon 0-0: SINGLE (Groundball, 34D)
Marcos Cantú to second
Runner from 2nd tries for 3rd, SAFE, no throw
Batting: RHB Jorge Barbosa 0-0: Ball
1-0: Ball
2-0: Ball
3-0: Base on Balls
Dave Gordon to second
Batting: LHB David Adams 0-0: Ball
1-0: Ball
2-0: Ball
3-0: Called Strike
3-1: Foul Ball, location: 2F
3-2: Base on Balls
Marcos Cantú scores
Dave Gordon to third
Jorge Barbosa to second
Batting: LHB António Camacho 0-0: Called Strike
0-1: Ball
1-1: Grounds into fielders choice 6-2 (Groundball, 6S)
Jorge Barbosa to third
David Adams to second
Batting: LHB Enrique Valentín 0-0: Called Strike
0-1: Ball
1-1: SINGLE (Line Drive, 9LM)
Jorge Barbosa scores
David Adams to third
António Camacho to second
Batting: RHB Juan Carlos 0-0: Grounds into fielders choice 3-2 (Groundball, 34)
António Camacho to third
Enrique Valentín to second
Batting: RHB Ron Elazar 0-0: Ball
1-0: Ball
2-0: Ball
3-0: Base on Balls
António Camacho scores
Enrique Valentín to third
Juan Carlos to second
Batting: LHB Francisco Cardenas 0-0: Called Strike
0-1: Ball
1-1: Foul Ball, location: 2F
1-2: Ball
2-2: Ball
3-2: Base on Balls
Enrique Valentín scores
Juan Carlos to third
Ron Elazar to second
Batting: LHB Marcos Cantú 0-0: Ball
1-0: Called Strike
1-1: Ball
2-1: Called Strike
2-2: Foul Ball, location: 2F
2-2: SINGLE (Line Drive, 8RS)
Juan Carlos scores
Ron Elazar to third
Francisco Cardenas to second
Runner from 3rd tries for Home, throw and OUT!
Top of the 6th over - 5 runs, 4 hits, 0 errors, 2 left on base; Houston 6 - Calgary 3
BOTTOM OF THE 6TH
Calgary Cowboys batting - Pitching for Houston Hammertime : RHP Jun Kawashima
Pitching: LHP Dan Snyder
Batting: RHB Joe Lewis 0-0: SINGLE (Groundball, 34D)
Batting: LHB Miguel Pérez 0-0: Foul Ball, location: 2F
0-1: SINGLE (Flyball, 89S)
Joe Lewis to second
Batting: RHB Ismael Ortíz 0-0: Ball
1-0: Fly out, F8 (Flyball, 8LM)
Batting: RHB César Rodríguez 0-0: Called Strike
0-1: Ball
1-1: Called Strike
1-2: Foul Ball, location: 2F
1-2: Strikes out looking
Batting: RHB Jesús Morales 0-0: DOUBLE (Line Drive, 7LD)
Joe Lewis scores
Miguel Pérez to third
Batting: LHB Edgar López 0-0: Fly out, F4 (Popup, 34D)
Bottom of the 6th over - 1 run, 3 hits, 0 errors, 2 left on base; Houston 6 - Calgary 4
TOP OF THE 7TH
Houston Hammertime batting - Pitching for Calgary Cowboys : LHP Alfredo Durán
Pitching: RHP Esteban Alfonzo
Batting: LHB Dave Gordon 0-0: Called Strike
0-1: Ground out 4-3 (Groundball, 4S)
Batting: RHB Jorge Barbosa 0-0: Ball
1-0: Ball
2-0: Called Strike
2-1: Called Strike
2-2: Foul Ball, location: 2F
2-2: Foul Ball, location: 2F
2-2: Hit by Pitch
Batting: LHB David Adams 0-0: Ball
1-0: Swinging Strike
1-1: Ball
2-1: Called Strike
2-2: Ball
3-2: Base on Balls
Jorge Barbosa to second
Pinch Hitting: LHB Francisco Calderón 0-0: 3-RUN HOME RUN (Flyball, 8RXD), Distance : 430 ft
Batting: LHB Enrique Valentín 0-0: Called Strike
0-1: Foul Ball, location: 2F
0-2: Ground out U3 (Groundball, 34)
Batting: RHB Juan Carlos 0-0: Called Strike
0-1: Called Strike
0-2: Ball
1-2: Ball
2-2: Ball
3-2: Strikes out swinging
Top of the 7th over - 3 runs, 1 hit, 0 errors, 0 left on base; Houston 9 - Calgary 4
BOTTOM OF THE 7TH
Calgary Cowboys batting - Pitching for Houston Hammertime : LHP Dan Snyder
Now in RF: Francisco Calderón
Batting: SHB Ramiro Medrano 0-0: Called Strike
0-1: Foul Ball, location: 2F
0-2: Ball
1-2: Ball
2-2: Ball
3-2: SINGLE (Flyball, 7LS)
Batting: LHB Anacleto Morillo 0-0: Foul Ball, location: 2F
0-1: Foul Ball, location: 2F
0-2: Ball
1-2: Ball
2-2: Foul Ball, location: 2F
2-2: Strikes out swinging
Batting: LHB Bo Rush 0-0: Called Strike
0-1: 2-RUN HOME RUN (Flyball, 7LD), Distance : 368 ft
Pitching: LHP Mark Stewart
Batting: RHB Joe Lewis 0-0: Ball
1-0: Foul Ball, location: 2F
1-1: Ball
2-1: Ground out 6-3 (Groundball, 6)
Batting: LHB Miguel Pérez 0-0: Ball
1-0: Ball
2-0: Called Strike
2-1: Foul Ball, location: 2F
2-2: Ball
3-2: Base on Balls
Batting: RHB Ismael Ortíz 0-0: Ball
1-0: Called Strike
1-1: Foul Ball, location: 2F
1-2: Ball
2-2: Ball
3-2: Fly out, F8 (Line Drive, 8RD)
Bottom of the 7th over - 2 runs, 2 hits, 0 errors, 1 left on base; Houston 9 - Calgary 6
TOP OF THE 8TH
Houston Hammertime batting - Pitching for Calgary Cowboys : RHP Esteban Alfonzo
Pitching: RHP Daniel Casey
Batting: RHB Ron Elazar 0-0: Ball
1-0: Ball
2-0: Called Strike
2-1: Foul Ball, location: 2F
2-2: Foul Ball, location: 2F
2-2: Foul Ball, location: 2F
2-2: Ball
3-2: Strikes out swinging
Batting: LHB Francisco Cardenas 0-0: Ball
1-0: Called Strike
1-1: Ball
2-1: Foul Ball, location: 2F
2-2: Ball
3-2: SINGLE (Line Drive, 7S)
Batting: LHB Marcos Cantú 0-0: Swinging Strike
0-1: Swinging Strike
0-2: Foul Ball, location: 2F
0-2: Foul Ball, location: 2F
0-2: Strikes out looking
Batting: LHB Dave Gordon 0-0: Called Strike
0-1: Ball
1-1: Swinging Strike
1-2: Ball
2-2: Ball
3-2: Ground out 4-3 (Groundball, 34)
Top of the 8th over - 0 runs, 1 hit, 0 errors, 1 left on base; Houston 9 - Calgary 6
BOTTOM OF THE 8TH
Calgary Cowboys batting - Pitching for Houston Hammertime : LHP Mark Stewart
Now at C: Raúl Salas
Batting: RHB César Rodríguez 0-0: Called Strike
0-1: Swinging Strike
0-2: Ground out 5-3 (Groundball, 5L)
Batting: RHB Jesús Morales 0-0: Called Strike
0-1: SINGLE (Groundball, 6M) (infield hit)
Batting: LHB Edgar López 0-0: Called Strike
0-1: Ball
1-1: SINGLE (Groundball, 6) (infield hit)
Jesús Morales to second
Batting: SHB Ramiro Medrano 0-0: Foul Ball, location: 2F
0-1: Ball
1-1: Foul Ball, location: 2F
1-2: Ball
2-2: Foul Ball, location: 2F
2-2: Foul Ball, location: 2F
2-2: Foul Ball, location: 2F
2-2: Ball
3-2: Base on Balls
Jesús Morales to third
Edgar López to second
Pitching: RHP António Sánchez
Batting: LHB Anacleto Morillo 0-0: Called Strike
0-1: Grounds into double play, 5-4-3 (Groundball, 56)
Bottom of the 8th over - 0 runs, 2 hits, 0 errors, 2 left on base; Houston 9 - Calgary 6
TOP OF THE 9TH
Houston Hammertime batting - Pitching for Calgary Cowboys : RHP Daniel Casey
Pitching: RHP Bernardo Romero
Batting: RHB Jorge Barbosa 0-0: Called Strike
0-1: Ball
1-1: Swinging Strike
1-2: Strikes out swinging
Batting: LHB David Adams 0-0: SINGLE (Line Drive, 9LS)
Batting: LHB Francisco Calderón 0-0: Fly out, F8 (Flyball, 8RS)
Batting: LHB Enrique Valentín 0-0: Ball
1-0: Ball
2-0: Foul Ball, location: 2F
2-1: Called Strike
2-2: Strikes out looking
Top of the 9th over - 0 runs, 1 hit, 0 errors, 1 left on base; Houston 9 - Calgary 6
BOTTOM OF THE 9TH
Calgary Cowboys batting - Pitching for Houston Hammertime : RHP António Sánchez
Pitching: RHP Lewis Sweeney
Batting: LHB Bo Rush 0-0: Ball
1-0: Ball
2-0: Ball
3-0: Base on Balls
Batting: RHB Joe Lewis 0-0: Ball
1-0: Called Strike
1-1: Foul Ball, location: 2F
1-2: Ball
2-2: SINGLE (Groundball, 34)
Bo Rush to second
Batting: LHB Miguel Pérez 0-0: Ball
1-0: Fielders Choice at 2nd, 4-6 (Groundball, 4)
Bo Rush to third
Batting: RHB Ismael Ortíz 0-0: Called Strike
0-1: Called Strike
0-2: Strikes out swinging
Pinch Hitting: LHB Del Kennedy 0-0: Called Strike
0-1: 3-RUN HOME RUN (Flyball, 9LD), Distance : 346 ft
Pitching: LHP Francisco Pérez
Batting: RHB Jesús Morales 0-0: Ball
1-0: Ball
2-0: Ball
3-0: Base on Balls
Batting: LHB Edgar López 0-0: Swinging Strike
0-1: Ball
1-1: Ball
2-1: SINGLE (Line Drive, 4D)
Jesús Morales to second
Batting: SHB Ramiro Medrano 0-0: Ball
1-0: Fly out, F8 (Flyball, 8RM)
Bottom of the 9th over - 3 runs, 3 hits, 0 errors, 2 left on base; Houston 9 - Calgary 9
TOP OF THE 10TH
Houston Hammertime batting - Pitching for Calgary Cowboys : RHP Bernardo Romero
Now in CF: Del Kennedy
Pinch Hitting: LHB Jeffrey Satterley 0-0: Called Strike
0-1: Ball
1-1: Ball
2-1: Foul Ball, location: 2F
2-2: Ball
3-2: Foul Ball, location: 2F
3-2: Base on Balls
Batting: RHB Ron Elazar 0-0: Sac Bunt - play at second, runner OUT! 5-6
Batting: LHB Francisco Cardenas 0-0: Ball
1-0: Called Strike
1-1: Ball
2-1: Ball
3-1: Foul Ball, location: 2F
3-2: Strikes out swinging
Ron Elazar steals 2nd base
Batter strikes out.
Batting: LHB Marcos Cantú 0-0: Called Strike
0-1: SINGLE (Line Drive, 6MD)
Ron Elazar to third
Runner from 3rd tries for Home, SAFE, throw made home
Batting: RHB Raúl Salas 0-0: Ball
1-0: Ball
2-0: SINGLE (Line Drive, 4M)
Marcos Cantú to second
Runner from 2nd tries for 3rd, SAFE, no throw
Batting: RHB Jorge Barbosa 0-0: Ball
1-0: Ball
2-0: Ball
3-0: Base on Balls
Raúl Salas to second
Batting: LHB David Adams 0-0: Foul Ball, location: 2F
0-1: Foul Ball, location: 2F
0-2: Foul Ball, location: 2F
0-2: Fly out, F7 (Line Drive, 7S)
Top of the 10th over - 1 run, 2 hits, 0 errors, 3 left on base; Houston 10 - Calgary 9
BOTTOM OF THE 10TH
Calgary Cowboys batting - Pitching for Houston Hammertime : LHP Francisco Pérez
Now at 3B: José García
Batting: LHB Anacleto Morillo 0-0: Ball
1-0: Ball
2-0: Called Strike
2-1: Called Strike
2-2: Ball
3-2: Foul Ball, location: 2F
3-2: Ground out 6-3 (Groundball, 6)
Pinch Hitting: RHB Alfredo Hernández 0-0: Ground out 4-3 (Groundball, 4)
Batting: RHB Joe Lewis 0-0: Ball
1-0: Called Strike
1-1: Foul Ball, location: 2F
1-2: Ball
2-2: Ball
3-2: Base on Balls
Pinch Runner at 1st Travis Colbert:
Pinch Hitting: RHB Todd Bryant 0-0: Ball
1-0: Ground out 4-3 (Groundball, 4D)
Bottom of the 10th over - 0 runs, 0 hits, 0 errors, 1 left on base; Houston 10 - Calgary 9
Saturday, April 7th, 2018 - OOTP Baseball 18.8 Build 76